 Dungeon Crawl Stone Soup version 0.29.1-1-gd02db6906a (webtiles) character file.

Game seed: 15810855430718500262

520 safid the Skirmisher (level 7, 0/85 HPs)
             Began as a Minotaur Hunter on Oct 21, 2022.
             Succumbed to a killer bee's poison
             ... on level 4 of the Dungeon.
             The game lasted 00:03:23 (3032 turns).

safid the Skirmisher (Minotaur Hunter)              Turns: 3032, Time: 00:03:24

Health: 0/85       AC:  6    Str: 11 (14) XL:     7   Next: 1%
Magic:  6/6        EV: 12    Int:  3 (5)  God:
Gold:   169        SH:  0    Dex: 19 (20) Spells: 6/6 levels left

rFire   . . .      SeeInvis .   a - +0 shortbow
rCold   . . .      Faith    .   (shield currently unavailable)
rNeg    . . .      Spirit   .   c - +0 leather armour
rPois   .          Reflect  .   (helmet restricted)
rElec   .          Harm     .   (no cloak)
rCorr   .          Rampage  .   o - +2 pair of gloves
Will    .....                   (no boots)
Stlth   ..........              (no amulet)
HPRegen 0.24/turn               (no ring)
MPRegen 0.10/turn               (no ring)

@: berserking, lethally poisoned (0 -> -11), very quick
A: horns 2, retaliatory headbutt, agile 1, passive freeze
a: no special abilities


You were on level 4 of the Dungeon.
You visited 1 branch of the dungeon, and saw 4 of its levels.

You collected 169 gold pieces.

Inventory:

Hand Weapons
 a - a +0 shortbow (weapon)
Armour
 c - a +0 leather armour (worn)
 o - a +2 pair of gloves (worn)
Wands
 u - a wand of charming (6)
Scrolls
 b - a scroll of immolation
 d - 4 scrolls of identify {unknown}
 e - a scroll of amnesia {unknown}
 j - a scroll of silence {unknown}
 l - 6 scrolls of teleportation {unknown}
 p - a scroll of enchant weapon {unknown}
 r - a scroll of magic mapping {unknown}
Potions
 f - 2 potions of cancellation
 g - 3 potions of degeneration
 h - a potion of berserk rage
 i - a potion of curing {unknown}
 k - a potion of mutation
 m - a potion of attraction
 n - a potion of haste {unknown}
 q - a potion of flight {unknown}
 s - a potion of might {unknown}
 t - a potion of magic {unknown}


   Skills:
 - Level 3.0 Fighting
 + Level 9.1 Ranged Weapons
 - Level 2.1 Dodging
 - Level 0.7 Stealth


You had 6 spell levels left.
You didn't know any spells.
Your spell library contained the following spells:

 Spells                   Type           Power      Damage    Failure   Level
 Necrotise                Necr           0%         1d4       63%         1
 Sublimation of Blood     Necr           0%         N/A       77%         2
 Wereblood                Tmut           0%         N/A       77%         2
 Dazzling Flash           Conj/Hex       0%         N/A       94%         3
 Summon Guardian Golem    Hex/Summ       0%         N/A       94%         3
 Agony                    Necr           0%         N/A       100%        5
 Silence                  Hex/Air        0%         N/A       100%        5
 Orb of Destruction       Conj           0%         9d5       100%        7
 Spellforged Servitor     Conj/Summ      0%         N/A       100%        7
 Summon Hydra             Summ           0%         N/A       100%        7


Dungeon Overview and Level Annotations

Branches:
Dungeon (4/15)
 Temple: D:4-7

Altars:
Cheibriados
Sif Muna
Trog


Innate Abilities, Weirdness & Mutations

You have a pair of horns on your head.
You reflexively headbutt those who attack you in melee.
You are agile. (Dex +4, Str/Int -1)
A frigid envelope surrounds you and freezes all who hurt you.


Message History

The killer bee is almost dead.
Your Ranged Weapons skill increases to level 9!
It was a potion of attraction.
You feel attractive to monsters.
You feel sick. The killer bee closely misses you. You furiously retaliate!
You headbutt the killer bee, but do no damage.
The killer bee stings you.
* * * LOW HITPOINT WARNING * * *
You are lethally poisoned!
The killer bee poisons you!
The killer bee is very cold.
You kill the killer bee!
The killer bee is attracted toward you.
You have reached level 7!
It was a potion of degeneration.
There was something very wrong with that liquid.
You feel weakened.
You feel dopey.
You feel clumsy.
* * * LOW HITPOINT WARNING * * *
You feel very sick.
The killer bee stings you but does no damage.
The killer bee is very cold.
The killer bee is lightly wounded.
The killer bee barely misses you.
Unknown command.
It was a potion of cancellation.
Your magical effects are unravelling.
You feel magically purged.
* * * LOW HITPOINT WARNING * * *
You feel very sick.
The killer bee stings you but does no damage.
The killer bee is very cold.
The killer bee is moderately wounded.
The killer bee stings you.
* * * LOW HITPOINT WARNING * * *
The killer bee is very cold.
The killer bee is heavily wounded.
You feel less attractive to monsters.
It was a potion of berserk rage.
A red film seems to cover your vision as you go berserk!
You feel yourself moving faster!
You feel mighty!
You die...

##.........####.#
#....###.#..
#......#....##.#
##....##.....
#.....####.....#
#....###..... ##...##
###...####.รท..###.....
#.###
##...##.....##......
### ###.##.....##..<...
#y.......##..#...
##y#..........####
##@##..#+#####..### #
####..##### ###... #
#.#..## ##.. # ##..##
#.# ##..# #.# ##.###
#.. ##..# #.. #..## ##.
##.## #.


You could see 2 killer bees.

Vanquished Creatures
  A kobold brigand (D:4)
  A scorpion (D:4)
  4 killer bees (D:4)
  A jelly (D:4)
  An iron imp (D:3)
  A gnoll (D:3)
  6 adders
  A shadow imp (D:4)
  A white imp (D:3)
  2 worms (D:3)
  A dart slug (D:3)
  6 orcs
  11 endoplasms
  3 giant cockroaches
  5 goblins
  6 hobgoblins
  4 quokkas
  7 ball pythons
  6 bats
  2 frilled lizards
  2 kobolds
  4 rats
76 creatures vanquished.

Vanquished Creatures (others)
  A fungus (D:2)
  5 plants (D:2)
6 creatures vanquished.

Grand Total: 82 creatures vanquished

Notes
Turn   | Place    | Note
-------+----------+-------------------------------------------
     0 | D:1      | safid the Minotaur Hunter began the quest for the Orb.
     0 | D:1      | Reached XP level 1. HP: 18/18 MP: 0/0
   138 | D:1      | Reached XP level 2. HP: 25/25 MP: 1/1
   578 | D:1      | Reached skill level 5 in Ranged Weapons
   809 | D:2      | Reached XP level 3. HP: 31/31 MP: 2/2
  1086 | D:2      | Found a faded altar of an unknown god.
  1316 | D:3      | Reached skill level 6 in Ranged Weapons
  1316 | D:3      | Reached XP level 4. HP: 38/38 MP: 3/3
  1316 | D:3      | Found a bloodstained altar of Trog.
  1445 | D:3      | Found a shimmering blue altar of Sif Muna.
  1449 | D:3      | Got Sif Muna's Compilation of Mortification
  1985 | D:3      | Found a snail-covered altar of Cheibriados.
  1990 | D:3      | Reached XP level 5. HP: 45/45 MP: 4/4
  2450 | D:4      | Reached skill level 7 in Ranged Weapons
  2866 | D:4      | Reached skill level 8 in Ranged Weapons
  2866 | D:4      | Reached XP level 6. HP: 50/51 MP: 5/5
  3028 | D:4      | Gained mutation: You have supernaturally acute eyesight.
                  | (SInv) [potion of mutation]
  3028 | D:4      | Lost mutation: You have supernaturally acute eyesight.
                  | (SInv) [potion of mutation]
  3028 | D:4      | Gained mutation: You are agile. (Dex +4, Str/Int -1)
                  | [potion of mutation]
  3028 | D:4      | Gained mutation: A frigid envelope surrounds you and
                  | freezes all who hurt you. [potion of mutation]
  3029 | D:4      | Reached skill level 9 in Ranged Weapons
  3030 | D:4      | Reached XP level 7. HP: 13/57 MP: 6/6
  3031 | D:4      | HP: 2/57 [killer bee (5)]
  3032 | D:4      | Succumbed to a killer bee's poison

Illustrated notes

Levels and vault maps discovered:
D:1:      dpeg_arrival_water_temple_mockup, layout_loops_ring
D:2:      layout_rooms, shapermc_ecumenical_altar_mp_ritualfount,
          kennysheep_generic_room_2
D:3:      layout_loops_corners, nzn_overflow_gifts_of_might_and_magic,
          slow_altar_2
D:4:      layout_cave_pods, serial_shops, nicolae_shop_hallway_stairs

Skill      XL: |  1  2  3  4  5  6 |
---------------+-------------------+-----
Fighting       | 3 |  3.0
Ranged Weapons | 5 6 8 9 |  9.1
Dodging        | |  2.1
Stealth        | |  0.7

Action                   |  1- 3 |  4- 6 |  7- 9 || total
-------------------------+-------+-------+-------++-------
 Fire: Shortbow          |    86 |   120 |       ||   206
  Use: Potion            |       |     2 |     3 ||     5
Armor: Leather armour    |     6 |    13 |     2 ||    21
Dodge: Dodged            |    13 |    33 |     1 ||    47
